 Dungeon Crawl Stone Soup version 0.20.1-1-g8b1a95d66d (webtiles) character file.

20449 Mysteryquy the Cleaver (level 12, -10/96 HPs)
             Began as a Demonspawn Berserker on Aug 28, 2017.
             Was a High Priest of Trog.
             Mangled by a swamp worm (12 damage)
             ... on level 4 of the Lair of Beasts on Nov 29, 2017.
             The game lasted 00:27:01 (15580 turns).

Mysteryquy the Cleaver (Demonspawn Berserker)      Turns: 15580, Time: 00:27:03

Health: -10/96     AC: 17    Str: 24    XL:     12   Next: 45%
Magic:  12/12      EV: 10    Int: 10    God:    Trog [*****.]
Gold:   325        SH:  8    Dex: 12    Spells: 11/11 levels left

rFire    . . .     SeeInvis .   I - +3 war axe (vamp)
rCold    + + .     Gourm    .   K - +0 shield
rNeg     . . .     Faith    .   D - +5 ring mail of the Lute {rC+}
rPois    .         Spirit   .   h - +0 helmet
rElec    .         Reflect  .   (no cloak)
rCorr    .         Harm     .   t - +0 pair of gloves
MR       .....                  N - +0 pair of boots
Stlth    ++........             (no amulet)
Regen    0.3/turn               y - +2 ring of strength
MPRegen  0.2/turn               (no ring)

@: heavily drained
A: hooves 2, molten scales 1, cold resistance 1, demonic guardian 1
a: Berserk, Trog's Hand, Brothers in Arms, Burn Spellbooks, Renounce Religion


You were on level 4 of the Lair of Beasts.
You worshipped Trog.
Trog was extremely pleased with you.
You were hungry.

You visited 2 branches of the dungeon, and saw 14 of its levels.

You collected 662 gold pieces.
You spent 337 gold pieces at shops.

Inventory:

Hand Weapons
 a - the +7 hand axe "Dukorr" {holy, *Contam rF+ MR+ Int+5, unknown}
   (You found it on level 10 of the Dungeon)

   It has been blessed by the Shining One to cause great damage to the undead
   and demons.
   It affects your intelligence (+5).
   It protects you from fire.
   It affects your resistance to hostile enchantments.
   It causes magical contamination when unequipped.
 I - a +3 vampiric war axe (weapon)
Armour
 h - a +0 helmet (worn)
 t - a +0 pair of gloves (worn)
 D - the +5 ring mail of the Lute (worn) {rC+}
   (You found it on level 8 of the Dungeon)

   It protects you from cold.
 K - a +0 shield (worn)
 N - a +0 pair of boots (worn)
Jewellery
 y - a +2 ring of strength (left hand)
 B - an uncursed ring of protection from cold {unknown}
Wands
 b - a wand of iceblast (10/15)
 x - a wand of confusion (37/48)
 F - a wand of random effects (28/48)
 G - a wand of disintegration (9/24)
 J - a wand of digging (7/24)
Scrolls
 d - 4 scrolls of identify
 f - a scroll of recharging
 g - 3 scrolls of fog
 i - 5 scrolls of remove curse
 l - 6 scrolls of teleportation
 o - a scroll of noise {unknown}
 q - 3 scrolls of enchant weapon
 v - a scroll of enchant armour {unknown}
 w - 2 scrolls of immolation
Potions
 c - a potion of brilliance {unknown}
 j - a potion of berserk rage {unknown}
 k - a potion of flight {unknown}
 m - a potion of might {unknown}
 p - 2 potions of heal wounds {unknown}
 r - 2 potions of curing
 z - a potion of cancellation {unknown}
 A - a potion of haste {unknown}
 C - a potion of degeneration
 H - a potion of agility {unknown}
Books
 E - a book of Frost

   Spells                             Type                      Level
   a - Freeze                         Ice                          1
   b - Throw Frost                    Conjuration/Ice              2
   c - Ozocubu's Armour               Charms/Ice                   3
   d - Throw Icicle                   Conjuration/Ice              4
   e - Summon Ice Beast               Ice/Summoning                4
   Trog disapproves of the use of such an item.
 L - a book of Conjurations

   Spells                             Type                      Level
   a - Magic Dart                     Conjuration                  1
   b - Searing Ray                    Conjuration                  2
   c - Dazzling Spray                 Conjuration/Hexes            3
   d - Fulminant Prism                Conjuration/Hexes            4
   e - Force Lance                    Conjuration/Translocation    4
   f - Iskenderun's Mystic Blast      Conjuration                  4
   Trog disapproves of the use of such an item.
 M - a book of Maledictions

   Spells                             Type                      Level
   a - Corona                         Hexes                        1
   b - Ensorcelled Hibernation        Hexes/Ice                    2
   c - Confuse                        Hexes                        3
   d - Tukima's Dance                 Hexes                        3
   e - Dazzling Spray                 Conjuration/Hexes            3
   Trog disapproves of the use of such an item.
Comestibles
 n - 5 meat rations
 s - 4 bread rations
 u - 14 fruits


   Skills:
 + Level 9.6(8.0) Fighting
 + Level 13.1(11.4) Axes
 + Level 8.3(6.8) Armour
 + Level 6.3(4.8) Dodging
 + Level 4.5(3.1) Stealth
 + Level 2.4(1.1) Shields


You had 11 spell levels left.
You didn't know any spells.

Dungeon Overview and Level Annotations

Branches:
Dungeon (10/15)            Temple (0/1) D:6            Lair (4/6) D:8
 Spider (0/4) Lair:4
  Swamp: Lair:2-4    Shoals: Lair:2-4       Orc: D:9-12

Altars:
Ashenzari
Dithmenos
Fedhas
Kikubaaqudgha
Makhleb
Nemelex Xobeh
Qazlal
Ru
Trog
Uskayaw
Xom

Shops:
D:8 [((*

Annotations:
Lair:1 exclusion: oklob plant


Innate Abilities, Weirdness & Mutations

You have hoof-like feet.
You are partially covered in molten scales. (AC +2)
Your flesh is cold resistant. (rC+)
A weak demonic guardian rushes to your aid.


Message History

Your iron imp closely misses the water moccasin.
The swamp worm bites you!
* * * LOW HITPOINT WARNING * * *
The water moccasin closely misses your iron imp.
You slash the swamp worm!
The swamp worm is almost dead.
The water moccasin bites your iron imp but does no damage.
The swamp worm closely misses you.
Your iron imp hits the water moccasin.
You completely miss the swamp worm.
The swamp worm is almost dead.
The water moccasin bites your iron imp.
Your iron imp dies!
The swamp worm barely misses you.
You closely miss the swamp worm.
The swamp worm is almost dead.
You miss the water moccasin. The swamp worm bites you.
* * * LOW HITPOINT WARNING * * *
The water moccasin bites you but does no damage.
The swamp worm bites you!
You die...

............... ......
.....#.................... ....!
....###P.....>..........#." ...#
...#.#............P.......# #...
......#....(..............# #...
##...P....................####...
##...............................
.....##..........S.............†.
###..##.........@w..............#
# #..##....<..............###....
# #.......................##P...#
# #.............##.......P###..##
#..#.†.......###P......##....##
##............#####.#...........
#P..............................
###.......♣♣♣♣♣♣♣♣...............
#.#...♣♣♣♣♣ ♣♣♣♣♣♣..........


You could see a swamp worm and a water moccasin.

Vanquished Creatures
  A hydra (Lair:3)
  A catoblepas (Lair:3)
  Nergalle (Lair:3)
  2 black mambas
  The ghost of kohrah the Slasher, a novice TrAs of Dithmenos (D:5)
  8 spiny frogs
  2 komodo dragons
  2 jumping spiders (Lair:4)
  The ghost of quacklin the Chopper, an amateur DrSk (D:4)
  A polar bear (Lair:4)
  5 hippogriffs
  4 redbacks (Lair:4)
  3 basilisks
  A wyvern (Lair:4)
  14 yaks
  A hungry ghost (D:9)
  Menkaure (D:6)
  A swamp worm (Lair:4)
  7 water moccasins
  10 porcupines
  3 sky beasts
  An eye of draining (D:5)
  6 orc warriors
  A black bear (D:8)
  3 ogres
  An ice beast (D:7)
  3 phantoms
  3 centaurs
  6 wolves (Lair:4)
  9 crocodiles
  9 bullfrogs
  A gnoll sergeant (D:8)
  5 scorpions
  3 electric eels
  4 howler monkeys (D:8)
  A crimson imp (D:5)
  A bullfrog zombie (D:7)
  3 jellies
  3 hounds
  5 orc priests
  A bullfrog skeleton (D:8)
  7 orc wizards
  4 centaur skeletons
  Jessica (D:2)
  6 iguanas
  11 worker ants
  3 hound zombies
  A hound skeleton (D:4)
  A howler monkey zombie (D:10)
  13 gnolls
  9 adders
  4 shadow imps
  An ooze (D:2)
  An adder zombie (D:6)
  A worm (D:2)
  3 dart slugs
  5 leopard geckos
  28 orcs
  3 giant cockroaches
  7 goblins
  A hobgoblin (D:1)
  16 jackals
  5 kobolds
  2 quokkas
  5 bats
  4 frilled lizards
  A leopard gecko skeleton (D:8)
  A quokka skeleton (D:5)
  5 rats
  A fungus (Lair:4)
  2 plants
291 creatures vanquished.

Vanquished Creatures (collateral kills)
  Maurice (D:10)
  A black mamba (Lair:3)
  3 spiny frogs
  A rime drake (Lair:3)
  A komodo dragon (Lair:3)
  A jumping spider (Lair:4)
  Grinder (D:6)
  A water moccasin (Lair:4)
  An orc warrior (D:8)
  An eye of draining (D:5)
  An ogre (D:4)
  A phantom (D:5)
  A centaur (D:7)
  A scorpion (D:7)
  2 hounds
  An orc priest (D:9)
  An adder (D:9)
  5 orcs
  A goblin (D:5)
  A kobold (D:5)
27 creatures vanquished.

Vanquished Creatures (others)
  4 fungi
  4 plants
8 creatures vanquished.

Grand Total: 326 creatures vanquished

Notes
Turn   | Place    | Note
-------+----------+-------------------------------------------
     0 | D:1      | Mysteryquy the Demonspawn Berserker began the quest for the Orb.
     0 | D:1      | Reached XP level 1. HP: 18/18 MP: 1/1
   312 | D:1      | Gained mutation: Your flesh is cold resistant. (rC+) [demonic ancestry]
   312 | D:1      | Reached XP level 2. HP: 22/24 MP: 2/2
  1152 | D:2      | Reached skill level 3 in Axes
  1153 | D:2      | Noticed Jessica
  1158 | D:2      | Killed Jessica
  1158 | D:2      | Gained mutation: A weak demonic guardian rushes to your aid. [demonic ancestry]
  1158 | D:2      | Reached XP level 3. HP: 10/29 MP: 3/3
  1586 | D:2      | Found a faded altar of an unknown god.
  1695 | D:2      | Found a stormy altar of Qazlal.
  2180 | D:2      | Found a sparkling altar of Nemelex Xobeh.
  2191 | D:2      | Found a blossoming altar of Fedhas.
  2339 | D:2      | Gained mutation: You have large cloven feet. [demonic ancestry]
  2339 | D:2      | Reached XP level 4. HP: 36/37 MP: 4/4
  2445 | D:2      | Reached ** piety under Trog
  2519 | D:2      | Found a shimmering altar of Xom.
  2712 | D:2      | Reached skill level 1 in Stealth
  3385 | D:4      | Found a burning altar of Makhleb.
  3432 | D:4      | Reached XP level 5. HP: 25/42 MP: 5/5
  3485 | D:4      | Reached skill level 4 in Axes
  3727 | D:4      | Noticed an ogre
  3735 | D:4      | Killed an ogre
  3824 | D:4      | Noticed quacklin's ghost (amateur DrSk)
  3857 | D:4      | Killed quacklin's ghost
  3857 | D:4      | Reached XP level 6. HP: 11/48 MP: 6/6
  4307 | D:5      | Entered Level 5 of the Dungeon
  4320 | D:5      | Reached skill level 5 in Axes
  4320 | D:5      | Reached XP level 7. HP: 52/55 MP: 7/7
  4426 | D:5      | Found a hide-covered altar of Uskayaw.
  4490 | D:5      | Noticed kohrah's ghost (novice TrAs)
  4503 | D:5      | Reached *** piety under Trog
  4648 | D:6      | Found a staircase to the Ecumenical Temple.
  4674 | D:5      | Killed kohrah's ghost
  4674 | D:5      | Reached skill level 5 in Fighting
  4674 | D:5      | Reached skill level 6 in Axes
  4674 | D:5      | Reached XP level 8. HP: 62/62 MP: 8/8
  4726 | D:5      | Found an ancient bone altar of Kikubaaqudgha.
  4795 | D:5      | Found a sacrificial altar of Ru.
  5030 | D:5      | Found a bloodstained altar of Trog.
  5102 | D:6      | Noticed Grinder
  5112 | D:6      | Paralysed by Grinder for 2 turns
  5124 | D:6      | Paralysed by Grinder for 4 turns
  5136 | D:6      | Paralysed by Grinder for 5 turns
  5148 | D:6      | Paralysed by fainting for 10 turns
  5166 | D:6      | Paralysed by Grinder for 3 turns
  5173 | D:6      | Paralysed by fainting for 7 turns
  5181 | D:6      | Killed Grinder
  5181 | D:6      | Reached skill level 7 in Axes
  5208 | D:6      | Found a shadowy altar of Dithmenos.
  5850 | D:6      | Noticed Menkaure
  5861 | D:6      | Killed Menkaure
  5861 | D:6      | Reached skill level 5 in Armour
  6188 | D:6      | Gained mutation: You are partially covered in molten scales. (AC +2) [demonic ancestry]
  6188 | D:6      | Reached XP level 9. HP: 64/69 MP: 9/9
  6530 | D:6      | Reached skill level 8 in Axes
  6585 | D:7      | Found a shattered altar of Ashenzari.
  7023 | D:7      | Reached **** piety under Trog
  7639 | D:8      | Found Poiss's Weapon Shoppe.
  7655 | D:8      | Found Siotodoumn's General Store.
  7785 | D:8      | Reached skill level 9 in Axes
  8031 | D:8      | Found Ydaatoargh's Antique Armour Emporium.
  8274 | D:8      | Got a warped ring mail
  8313 | D:8      | Identified the +5 ring mail of the Lute {rC+} (You found it on level 8 of the Dungeon)
  8427 | D:8      | Gained mutation: You have hoof-like feet. [demonic ancestry]
  8427 | D:8      | Reached XP level 10. HP: 53/77 MP: 10/10
  8985 | D:8      | Found a staircase to the Lair.
  9128 | D:8      | Found Litawn's Weapon Shoppe.
  9364 | D:9      | Reached ***** piety under Trog
  9463 | D:8      | Bought a +2 vampiric war axe for 337 gold pieces
  9513 | D:9      | Reached skill level 5 in Dodging
 10009 | D:10     | Entered Level 10 of the Dungeon
 10018 | D:10     | Noticed Maurice
 10033 | D:10     | Killed Maurice
 10033 | D:10     | Reached skill level 10 in Axes
 10303 | D:10     | Found a shadowy altar of Dithmenos.
 10330 | D:10     | Got an ancient hand axe
 10651 | Lair:1   | Entered Level 1 of the Lair of Beasts
 10667 | Lair:1   | Reached skill level 11 in Axes
 10670 | Lair:1   | Reached XP level 11. HP: 73/85 MP: 11/11
 11811 | Lair:1   | Noticed an oklob plant
 11956 | Lair:2   | Upgraded the game from 0.20.1-1-g8b1a95d to 0.20.1-1-g8b1a95d66d
 12632 | Lair:2   | Reached skill level 12 in Axes
 12912 | Lair:3   | Noticed Nergalle
 12919 | Lair:3   | Killed Nergalle
 12946 | Lair:3   | Noticed a catoblepas
 12950 | Lair:3   | Noticed a five-headed hydra
 12960 | Lair:3   | Killed an eight-headed hydra
 12965 | Lair:3   | Killed a catoblepas
 14005 | Lair:3   | Reached XP level 12. HP: 81/95 MP: 12/12
 14010 | Lair:3   | Received a gift from Trog
 14479 | Lair:4   | Found a hole to the Spider Nest.
 14635 | Lair:4   | Reached skill level 1 in Shields
 14730 | Lair:4   | Reached skill level 13 in Axes
 14844 | Lair:4   | Noticed a five-headed hydra
 15580 | Lair:4   | HP: 2/96 [swamp worm (5)]
 15580 | Lair:4   | Mangled by a swamp worm

Skill      XL: |  1  2  3  4  5  6  7  8  9 10 11 12 |
---------------+-------------------------------------+-----
Dodging        | 2 3 4 5 6 |  6.3
Armour         | 2 3 4 5 6 7 8 |  8.3
Axes           | 3 4 5 6 7 9 11 12 13 | 13.1
Stealth        | 1 2 3 4 |  4.5
Fighting       | 4 5 6 7 9 |  9.6
Shields        | 2 |  2.4

Action                   |  1- 3 |  4- 6 |  7- 9 | 10-12 || total
-------------------------+-------+-------+-------+-------++-------
Melee: Hand axe          |    99 |   132 |   377 |       ||   608
       Kick              |       |    36 |   143 |   134 ||   313
       War axe           |       |       |    96 |   525 ||   621
Invok: Berserk           |       |       |     5 |     4 ||     9
       Burn Spellbooks   |       |       |       |     1 ||     1
       Trog's Hand       |       |       |       |     1 ||     1
  Use: Scroll            |       |       |     5 |     9 ||    14
 Stab: Sleeping          |     2 |       |       |     3 ||     5
       Distracted        |       |     1 |     5 |     6 ||    12
  Eat: Chunk             |     4 |     7 |    10 |    22 ||    43
       Bread ration      |       |       |     2 |       ||     2
       Royal jelly       |       |       |       |     2 ||     2
       Meat ration       |       |       |       |     1 ||     1
       Fruit             |       |       |       |     1 ||     1
Armor: Animal skin       |    15 |       |       |       ||    15
       Scale mail        |    11 |    45 |   169 |       ||   225
       Skin              |       |       |    13 |       ||    13
       Ring mail         |       |       |     1 |   199 ||   200
Dodge: Dodged            |    61 |    64 |   221 |   293 ||   639
Block: Shield            |       |       |       |    62 ||    62
